 Dungeon Crawl Stone Soup version 0.28.0 (webtiles) character file.

Game seed: 14639106178304335260

96 tizbic2 the Chopper (level 4, -12/37 HPs)
             Began as a Hill Orc Wanderer on Feb 6, 2022.
             Mangled by Sigmund (19 damage)
             ... on level 3 of the Dungeon.
             The game lasted 00:13:24 (2926 turns).

tizbic2 the Chopper (Hill Orc Wanderer)             Turns: 2926, Time: 00:13:24

Health: -12/37     AC:  5    Str: 15 (17) XL:     4   Next: 67%
Magic:  2/6        EV: 10    Int: 12 (13) God:
Gold:   783        SH:  0    Dex:  6 (8)  Spells: 5/6 levels left

rFire   . . .      SeeInvis .   a - +1 war axe
rCold   . . .      Faith    +   (no shield)
rNeg    . . .      Spirit   .   h - +0 ring mail
rPois   .          Reflect  .   (no helmet)
rElec   .          Harm     .   (no cloak)
rCorr   .          Rampage  .   (no gloves)
Will    +....                   (no boots)
Stlth   ..........              d - amulet of faith
HPRegen 0.12/turn               m - ring of willpower
MPRegen 0.10/turn               f - +4 ring of slaying

@: no status effects
A: subdued magic 1
a: no special abilities


You were on level 3 of the Dungeon.
You visited 1 branch of the dungeon, and saw 3 of its levels.

You collected 783 gold pieces.

Inventory:

Hand Weapons
 a - a +1 war axe (weapon)
Missiles
 j - 49 stones (quivered)
Armour
 e - a +0 chain mail
 h - a +0 ring mail (worn)
Magical Staves
 g - a staff of poison
Jewellery
 d - an amulet of faith (around neck)
 f - a +4 ring of slaying (right hand)
 m - a ring of willpower (left hand)
Scrolls
 i - a scroll of noise
 k - a scroll of fear
 l - a scroll of immolation
Potions
 c - a potion of cancellation


   Skills:
 - Level 2.9 Fighting
 * Level 5.8 Axes
 - Level 1.8 Spellcasting
 + Level 3.6 Summonings


You had 5 spell levels left.
You knew the following spells:

 Your Spells              Type           Power      Damage    Failure   Level
a - Summon Small Mammal   Summ           28%        N/A       10%         1

Your spell library contained the following spells:

 Spells                   Type           Power      Damage    Failure   Level
 Summon Guardian Golem    Hex/Summ       4%         N/A       56%         3
 Dazzling Flash           Conj/Hex       0%         N/A       83%         3
 Agony                    Necr           0%         N/A       100%        5
 Silence                  Hex/Air        0%         N/A       100%        5
 Borgnjor's Revivificati  Necr           0%         N/A       100%        8
 Necromutation            Tmut/Necr      0%         N/A       100%        8
 Death's Door             Necr           0%         N/A       100%        9


Dungeon Overview and Level Annotations

Branches:
Dungeon (3/15)

Altars:
Xom

Annotations:
D:3 Sigmund


Innate Abilities, Weirdness & Mutations

Your spells are a little easier to cast, but a little less powerful.


Message History

Casting: Summon Small Mammal (safe; 10% risk of failure)
Confirm with . or Enter, or press ? or * to list all spells.
Your bat barely misses something.
Your bat hits something but does no damage.
A magic dart appears from out of thin air!
The magic dart hits your bat.
Your bat dies!
Your bat's corpse disappears in a puff of smoke!
You swap places.
Your rat appears confused.
Your rat barely misses you.
Your rat appears confused.
Something barely misses your rat.
Casting: Summon Small Mammal (safe; 10% risk of failure)
Confirm with . or Enter, or press ? or * to list all spells.
Your rat resists with significant effort.
Your rat resists with significant effort.
Your rat barely misses your bat.
Your rat barely misses your bat.
Your bat hits something. Something barely misses your bat.
A magic dart appears from out of thin air!
The magic dart hits your bat!
Your bat dies!
Your bat's corpse disappears in a puff of smoke!
Something hits your rat!
Your rat dies!
Your rat's corpse disappears in a puff of smoke!
Casting: Summon Small Mammal (safe; 10% risk of failure)
Confirm with . or Enter, or press ? or * to list all spells.
You hear a shout!
Something hits you!!
* * * LOW HITPOINT WARNING * * *
You feel better.
You hear some strange, mumbled words.
A puff of flame appears from out of thin air!
The puff of flame hits you.
* * * LOW HITPOINT WARNING * * *
Something hits you!!
Ouch! That really hurt!
You die...

..#.#......# #.# ##.##
..#........##. #.# #...##
..#..#####.##. #.# #.....
..#.## #.##.##.# #...#.
..#.#
##.##....############.##.
..#.#
#..##.................##.
###.#
#.####....#######.###.##.
....# #.# ##...........#
#.... ##### #.#
#†r@.#######.###.### #.#
#..### ##...## #.#
#.{###### ##.##
#.####.......# #..#
#.......####.# ##.#
###..##.# #.#
#..##......# #.#
#..##.###### #.#
###..##.# #.#


You could see a friendly rat (summoned).

Vanquished Creatures
  A bullfrog zombie (D:3)
  A worm (D:2)
  5 orcs (D:3)
  6 bats
  3 endoplasms (D:2)
  A giant cockroach (D:3)
  4 hobgoblins
  2 jackals (D:2)
  A quokka (D:2)
  4 ball pythons
  5 goblins
  2 kobolds
  4 rats
39 creatures vanquished.

Vanquished Creatures (collateral kills)
  4 ball pythons
  An endoplasm (D:1)
  A goblin (D:2)
  A kobold (D:1)
  A frilled lizard (D:2)
  2 rats (D:1)
10 creatures vanquished.

Grand Total: 49 creatures vanquished

Notes
Turn   | Place    | Note
-------+----------+-------------------------------------------
     0 | D:1      | tizbic2 the Hill Orc Wanderer began the quest for the Orb.
     0 | D:1      | tizbic2 set off with the following items: a +1 war axe, a
                  | +0 leather armour; and the following spell memorised:
                  | Summon Small Mammal; and the following spells available to
                  | memorise: Summon Guardian Golem
     0 | D:1      | Reached XP level 1. HP: 18/18 MP: 3/3
   152 | D:1      | Reached XP level 2. HP: 18/25 MP: 4/4
  1162 | D:2      | Reached XP level 3. HP: 25/30 MP: 1/5
  1825 | D:2      | Gained mutation: Your spells are a little easier to cast,
                  | but a little less powerful. [potion of mutation]
  1846 | D:2      | Reached skill level 5 in Axes
  2257 | D:2      | Found a shimmering altar of Xom.
  2309 | D:3      | Noticed Sigmund
  2424 | D:3      | Identified a scroll of acquirement
  2425 | D:3      | Acquired 679 gold pieces
  2586 | D:3      | Reached XP level 4. HP: 27/37 MP: 6/6
  2791 | D:3      | Found a faded altar of an unknown god.
  2926 | D:3      | Mangled by Sigmund

Illustrated notes

Levels and vault maps discovered:
D:1:      tarquinn_simple_flora_water_f, layout_loops_ring, serial_rivers,
          chequers_serial_rivers_small_b, chequers_serial_rivers_micro_b,
          chequers_serial_rivers_large_a, chequers_serial_rivers_large_b,
          minmay_cut_off
D:2:      layout_loops_corners, basic_altar, eino_tiny_chamber
D:3:      layout_loops_ring, hellmonk_ecumenical_altar_inner_sanctum,
          uniq_sigmund

Skill      XL: |  1  2  3 |
---------------+----------+-----
Axes           | 5 |  5.8
Fighting       | |  2.9
Spellcasting   | |  1.8
Summonings     | |  3.6

Action                   |  1- 3 |  4- 6 || total
-------------------------+-------+-------++-------
Melee: War axe           |    82 |    19 ||   101
       Punch             |     2 |       ||     2
Throw: Stone             |     8 |       ||     8
 Cast: Summon Small Mamm |    37 |     9 ||    46
  Use: Scroll            |     7 |       ||     7
       Potion            |     3 |     1 ||     4
Armor: Leather armour    |     9 |       ||     9
       Ring mail         |    16 |    11 ||    27
Dodge: Dodged            |    48 |     9 ||    57
